 Dungeon Crawl Stone Soup version 0.31-a0-161-gb58dd9be76 (webtiles) character file.

Game seed: 10988157934014686871

14397 Moral the Covert (level 12, -2/106 HPs)
             Began as a Naga Ice Elementalist on June 12, 2023.
             Was a Believer of Cheibriados.
             Slain by an orc knight
             ... wielding a +0 broad axe
              (3 damage)
             ... on level 2 of the Orcish Mines on June 13, 2023.
             The game lasted 01:19:44 (12828 turns).

Moral the Covert (Naga Ice Elementalist)           Turns: 12828, Time: 01:19:45

Health: -2/106     AC: 22    Str: 17    XL:     12   Next: 16%
Magic:  11/24      EV: 18    Int: 26    God:    Cheibriados [**....]
Gold:   401        SH:  0    Dex: 22    Spells: 15/28 levels left

rFire   . . .        q - +7 orcbow of Joyful Slaughter {elec, Fly rElec Dex+4}
rCold   + + .        (shield currently unavailable)
rNeg    . . .        f - +1 robe {rC+ rF+}
rPois   +            g - +1 helmet
rElec   +            l - +1 cloak
rCorr   .            s - +0 pair of gloves
SInv    +            (no barding)
Will    +....        A - amulet of the acrobat
Stlth   +++++        k - +5 ring of evasion
HPRegen 0.37/turn    i - ring of ice
MPRegen 0.19/turn

%: acrobat
@: ice-armoured, freezing walls, flying, very slow
A: AC +4, large, see invisible, deformed body, poison resistance, slowness 2,
spit poison 1, naga tail 1
a: Spit Poison, Renounce Religion, Bend Time


You were on level 2 of the Orcish Mines.
You worshipped Cheibriados.
Cheibriados was pleased with you.
You visited 3 branches of the dungeon, and saw 12 of its levels.

You collected 877 gold pieces.
You spent 476 gold pieces at shops.

Inventory:

Hand Weapons
 h - a +2 demon blade of freezing
 q - the +7 orcbow of Joyful Slaughter (weapon) {elec, Fly rElec Dex+4}
   (You found it on level 4 of the Dungeon)

   Dex:       It affects your dexterity (+4).
   rElec:     It insulates you from electricity.
   Fly:       It grants you flight.
Armour
 f - a +1 robe of resistance (worn)
 g - a +1 helmet (worn)
 l - a +1 cloak (worn)
 s - a +0 pair of gloves (worn)
Jewellery
 c - a ring of wizardry
 i - a ring of ice (right hand)
 k - a +5 ring of evasion (left hand)
 n - an amulet of regeneration
 p - a +6 ring of intelligence
 r - a ring of wizardry
 x - a +6 ring of dexterity
 A - an amulet of the acrobat (around neck)
 D - a ring of positive energy
Wands
 t - a wand of mindburst (9)
 w - a wand of acid (9)
 E - a wand of charming (8)
 G - a wand of flame (50)
Scrolls
 H - a scroll of silence
Potions
 d - 2 potions of attraction
 j - 5 potions of might
 z - a potion of enlightenment
 B - a potion of berserk rage
 F - 2 potions of resistance
Miscellaneous
 e - a condenser vane


   Skills:
 + Level 6.5 Fighting
 * Level 9.1 Long Blades
 + Level 5.5 Dodging
 + Level 10.4 Stealth
 * Level 8.6 Spellcasting
 * Level 10.3 Ice Magic


You had 15 spell levels left.
You knew the following spells:

 Your Spells              Type           Power      Damage    Failure   Level
a - Freeze                Ice            100%       1d10      1%          1
b - Frozen Ramparts       Ice            100%       1d16      1%          3
c - Ozocubu's Armour      Ice            77%        N/A       1%          3
d - Ensorcelled Hibernat  Hex/Ice        100%       N/A       1%          2
e - Summon Ice Beast      Ice/Summ       54%        N/A       6%          4

Your spell library contained the following spells:

 Spells                   Type           Power      Damage    Failure   Level
 Magic Dart               Conj           44%        1d5       5%          1
 Call Imp                 Summ           22%        N/A       9%          2
 Ignite Poison            Fire/Tmut/Pois 11%        N/A       16%         3
 Mephitic Cloud           Conj/Pois/Air  11%        N/A       16%         3
 Spider Form              Tmut/Pois      11%        N/A       16%         3
 Metabolic Englaciation   Hex/Ice        27%        N/A       19%         5
 Anguish                  Hex/Necr       5%         N/A       47%         4
 Sticky Flame             Conj/Fire      11%        2d3       47%         4
 Simulacrum               Ice/Necr       27%        N/A       69%         6
 Fireball                 Conj/Fire      5%         3d5       83%         5
 Iskenderun's Battlesphe  Conj           11%        2d7       83%         5
 Conjure Ball Lightning   Conj/Air       5%         3x3d6     100%        6
 Orb of Destruction       Conj           5%         9d5       100%        7
 Borgnjor's Revivificati  Necr           5%         N/A       100%        8
 Ignition                 Fire           5%         3d4       100%        8
 Necromutation            Tmut/Necr      5%         N/A       100%        8
 Death's Door             Necr           5%         N/A       100%        9


Dungeon Overview and Level Annotations

Branches:
Dungeon (9/15)             Temple (1/1) D:6            Lair (0/5) D:8
    Orc (2/2) D:9             Elf (0/3) Orc:2

Altars:
Ashenzari
Cheibriados
Dithmenos
Elyvilon
Fedhas
Gozag
Hepliaklqana
Kikubaaqudgha
Makhleb
Nemelex Xobeh
Okawaru
Qazlal
Ru
Sif Muna
Trog
Uskayaw
Vehumet
Wu Jian
Xom
Yredelemnul
Zin
The Shining One

Shops:
D:7 *   Orc:1 =:

Annotations:
Temple 2 transporters


Innate Abilities, Weirdness & Mutations

Your serpentine skin is tough. (AC +4)
You have supernaturally acute eyesight. (SInv)
Armour fits poorly on your strangely shaped body.
Your system is resistant to poisons. (rPois)
You cover ground very slowly.
You can spit poison.
You have a snake-like lower body.


Message History

The wall freezes the orc knight.
The orc knight misses you.
The orc knight hits your ice beast with a +0 broad axe!
Casting: Freeze (safe; 1% risk of failure)
Confirm with . or Enter, or press ? or * to list all spells.
Aiming: Freeze (safe; 1% risk of failure)
Press: ? - help, Shift-Dir - straight line, f - orc warrior, p - orc knight
Aim: an orc warrior, wielding a +0 long sword and wearing a +0 chain mail (heavily wounded, strong)
You feel a surge of power!
You freeze the orc warrior!
The orc warrior is severely wounded.
You have got your breath back.
The wall freezes the orc knight but does no damage.
The orc knight hits you with a +3 heavy war axe!!
* * * LOW HITPOINT WARNING * * *
The orc knight barely misses your ice beast.
The wall freezes the orc warrior but does no damage.
The orc warrior hits you with a +0 long sword!
* * * LOW HITPOINT WARNING * * *
The wall freezes the orc knight.
The orc knight hits your ice beast with a +0 broad axe.
The orc knight hits you with a +0 broad axe!
* * * LOW HITPOINT WARNING * * *
Your ice beast hits the orc knight but does no damage.
Do you really want to go berserk while wielding the +7 orcbow of Joyful Slaughter {elec, Fly rElec Dex+4}?
Okay, then.
Fire: q) +7 orcbow of Joyful Slaughter {elec, Fly rElec Dex+4}
Press: ? - help, Q - select action, (/) - cycle Shift-Dir - straight line, f/p - orc warrior
Aim: an orc warrior, wielding a +0 long sword and wearing a +0 chain mail (severely wounded, strong, 65% to hit)
You shoot an arrow.
The arrow barely misses the orc warrior.
The wall freezes the orc knight but does no damage.
The orc knight barely misses you. The orc knight misses your ice beast.
The wall freezes the orc warrior.
The orc warrior hits you with a +0 long sword.
* * * LOW HITPOINT WARNING * * *
The wall freezes the orc knight!
The orc knight hits your ice beast with a +0 broad axe!!
Your ice beast dies!
Your ice beast disappears in a puff of smoke!
The orc knight hits you with a +0 broad axe.
You die...

#.....[.#.≈#.....
.
#......).[≈#∩....
..
#....#)...≈#####.
.÷o
##..))##.).≈≈≈≈≈[)
...÷
#....#####[[......
#.... ##[..##
###.[....
#.....##....#
##.....
#..)[.o§.## ###...
##..[.o@## ####
###..o## ##..
##### #... ###...
##.##.. #......
#...... #......
#..)...


You could see 2 orc knights and an orc warrior (strong).

Vanquished Creatures
  A two-headed ogre (D:7)
  A boulder beetle (D:7)
  An orc high priest (Orc:2)
  3 orc knights
  4 orc sorcerers
  2 manticores (D:7)
  Maurice (D:8)
  A gargoyle (D:7)
  2 rime drakes (Orc:2)
  A komodo dragon (D:8)
  3 trolls
  A slime creature (D:7)
  A wraith (D:9)
  5 yaks (D:8)
  A steam dragon (D:6)
  Grum (D:8)
  A warg (Orc:2)
  An acid dragon (D:9)
  A water moccasin (D:5)
  Duvessa (D:7)
  A black bear (D:4)
  14 orc warriors
  4 wolves (D:8)
  4 ogres
  4 centaurs
  A kobold brigand (D:7)
  8 bullfrogs
  A gnoll sergeant (D:7)
  5 scorpions
  4 wights (D:8)
  Dowan (D:7)
  5 killer bees (D:7)
  2 howler monkeys
  2 jellies (D:6)
  A gnoll bouda (D:7)
  14 orc priests
  3 hounds
  3 iguanas
  14 orc wizards
  4 gnolls (D:2)
  5 adders
  3 white imps
  3 dart slugs
  66 orcs
  A bat (D:2)
  3 endoplasms
  2 giant cockroaches (D:3)
  5 goblins
  6 hobgoblins
  6 ball pythons
  A frilled lizard (D:1)
  5 kobolds
  5 rats
239 creatures vanquished.

Vanquished Creatures (collateral kills)
  An orc warrior (Orc:2)
  An orc priest (Orc:2)
  3 orcs
5 creatures vanquished.

Vanquished Creatures (others)
  An orc warrior (Orc:1)
  An orc priest (Orc:2)
2 creatures vanquished.

Grand Total: 246 creatures vanquished

Notes
Turn   | Place    | Note
-------+----------+-------------------------------------------
     0 | D:1      | Moral the Naga Ice Elementalist began the quest for the
                  | Orb.
     0 | D:1      | Reached XP level 1. HP: 15/15 MP: 3/3
   218 | D:1      | Found a faded altar of an unknown god.
   886 | D:2      | Reached XP level 2. HP: 20/22 MP: 1/5
  1551 | D:2      | Reached XP level 3. HP: 19/28 MP: 4/6
  1658 | D:2      | Learned a level 3 spell: Frozen Ramparts
  1763 | D:3      | Reached skill level 1 in Long Blades
  1775 | D:3      | Reached XP level 4. HP: 37/37 MP: 7/7
  2023 | D:3      | Reached skill level 5 in Ice Magic
  2155 | D:4      | Noticed a scorpion
  2161 | D:4      | Killed a scorpion
  2162 | D:4      | Reached skill level 1 in Fighting
  2162 | D:4      | Reached XP level 5. HP: 44/44 MP: 4/8
  2268 | D:4      | Identified the +7 orcbow of Joyful Slaughter {elec, Fly
                  | rElec Dex+4}
  2534 | D:4      | Learned a level 3 spell: Ozocubu's Armour
  2568 | D:4      | Reached XP level 6. HP: 45/51 MP: 10/10
  2662 | D:4      | Noticed a black bear
  2675 | D:4      | Killed a black bear
  3301 | D:4      | Found a blossoming altar of Fedhas.
  3378 | D:5      | Entered Level 5 of the Dungeon
  3429 | D:5      | Noticed a water moccasin
  3450 | D:5      | Killed a water moccasin
  3451 | D:5      | Reached XP level 7. HP: 49/60 MP: 4/12
  4053 | D:5      | Reached skill level 5 in Stealth
  4709 | D:6      | Reached XP level 8. HP: 68/68 MP: 10/14
  4930 | D:6      | Found a staircase to the Ecumenical Temple.
  5622 | D:7      | Found Qeruwn's Assorted Antiques.
  5720 | D:7      | Reached skill level 5 in Spellcasting
  5720 | D:7      | Reached XP level 9. HP: 76/76 MP: 10/16
  5722 | D:7      | Reached skill level 5 in Long Blades
  5902 | D:7      | Noticed Duvessa
  5907 | D:7      | Noticed Dowan
  5919 | D:7      | Killed Dowan
  5962 | D:7      | Killed Duvessa
  6304 | D:7      | Noticed a manticore
  6304 | D:7      | Noticed a gargoyle
  6304 | D:7      | Noticed a manticore
  6305 | D:7      | Noticed a two-headed ogre
  6337 | D:7      | Killed a manticore
  6352 | D:7      | Identified a scroll of acquirement
  6352 | D:7      | Acquired a +0 barding of flying
  6647 | D:7      | Learned a level 2 spell: Ensorcelled Hibernation
  6655 | D:7      | Killed a manticore
  6733 | D:7      | Killed a gargoyle
  6734 | D:7      | Reached XP level 10. HP: 47/87 MP: 8/19
  6899 | D:7      | Noticed a boulder beetle
  6941 | D:7      | Killed a boulder beetle
  7001 | D:7      | Killed a two-headed ogre
  7227 | D:7      | Identified the staff of fire "Zonede" {rPois rF+ rN+ Int+3}
  7700 | D:8      | Reached skill level 5 in Fighting
  7789 | D:8      | Noticed Grum
  8040 | D:8      | Killed Grum
  8167 | D:8      | Found a staircase to the Lair.
  8216 | D:8      | Noticed Maurice
  8234 | D:8      | Reached XP level 11. HP: 59/96 MP: 13/21
  8634 | D:8      | Found a broken altar of Ashenzari.
  8634 | D:8      | Found a shimmering blue altar of Sif Muna.
  8885 | D:8      | Killed Maurice
  9355 | Temple   | Entered the Ecumenical Temple
  9355 | Temple   | Found a transporter.
  9355 | Temple   | Found a transporter.
  9357 | Temple   | Found a transporter.
  9357 | Temple   | Found a transporter.
  9372 | Temple   | Became a worshipper of Cheibriados the Contemplative
 10090 | D:9      | Learned a level 4 spell: Summon Ice Beast
 10172 | D:9      | Reached * piety under Cheibriados
 10412 | D:9      | Found a staircase to the Orcish Mines.
 10421 | Orc:1    | Entered Level 1 of the Orcish Mines
 10421 | Orc:1    | Noticed an orc knight
 10421 | Orc:1    | Noticed an orc sorcerer
 10498 | Orc:1    | Noticed an orc sorcerer
 10506 | D:9      | Reached skill level 5 in Dodging
 10784 | D:9      | Killed an orc sorcerer
 11126 | Orc:1    | Killed an orc sorcerer
 11137 | Orc:1    | Killed an orc knight
 11138 | Orc:1    | Reached ** piety under Cheibriados
 11388 | Orc:1    | Found Wunweitu's Book Shop.
 11391 | Orc:1    | Bought a book of Winter for 476 gold pieces
 11462 | Orc:2    | Entered Level 2 of the Orcish Mines
 11470 | Orc:2    | Noticed an orc knight
 11485 | Orc:2    | Killed an orc knight
 11562 | Orc:2    | Found a staircase to the Elven Halls.
 11698 | Orc:2    | Reached skill level 10 in Stealth
 11705 | Orc:2    | Reached skill level 10 in Ice Magic
 11830 | Orc:2    | Found a frozen archway.
 11936 | Orc:2    | Noticed an orc knight
 11950 | Orc:2    | Killed an orc knight
 12177 | Orc:2    | Noticed an orc sorcerer
 12229 | Orc:2    | Noticed an orc sorcerer
 12229 | Orc:2    | Noticed an orc high priest
 12229 | Orc:2    | Noticed an orc knight
 12229 | Orc:2    | Noticed an orc knight
 12234 | Orc:2    | Noticed an orc high priest
 12235 | Orc:2    | Noticed an orc knight
 12236 | Orc:2    | Killed an orc sorcerer
 12236 | Orc:2    | Killed an orc high priest
 12237 | Orc:2    | Reached XP level 12. HP: 81/106 MP: 11/24
 12284 | Orc:1    | Found Lulergh's Jewellery Shop.
 12827 | Orc:2    | HP: 4/106 [orc knight/+0 broad axe (13)]
 12828 | Orc:2    | HP: 1/106 [orc warrior/+0 long sword (4)]
 12828 | Orc:2    | Slain by an orc knight

Illustrated notes

Levels and vault maps discovered:
D:1:      psy_arrival_basics, layout_basic,
          hellmonk_ecumenical_altar_arch_garden
D:2:      layout_rooms
D:3:      layout_rooms
D:4:      layout_rooms, fedhas_ov_isle_minmay
D:5:      layout_basic
D:6:      hellmonk_ruined_rings, layout_loops_corners,
          minmay_temple_entry_enclosed_plants, minmay_fractal_squares_gapless_5
D:7:      minmay_the_grid_triangle_9x9_recursive_2
          [minmay_the_grid_triangle_9x9_prize_center,
          minmay_the_grid_triangle_9x9_sparse_checkered,
          minmay_the_grid_triangle_9x9_swiss_cheese,
          minmay_the_grid_triangle_9x9_from_above], layout_rooms, serial_shops,
          kennysheep_mini_moat, uniq_duvessa
D:8:      layout_loops_corners, gammafunk_temple_overflow_elements,
          david_lair_shrubbed, enter_bailey_3, minmay_bent, uniq_grum,
          uniq_maurice
D:9:      layout_basic, erik_orc_2, uniq_erolcha
Temple:   hellmonk_temple_divided_pantheon
Orc:1:    layout_caves, serial_shops, shop, nicolae_shop_real_fake_doors,
          uniq_nergalle
Orc:2:    grunt_orc_tribal_feast, layout_diamond_mine, portal_ice_cave_rime

Skill      XL: |  1  2  3  4  5  6  7  8  9 10 11 |
---------------+----------------------------------+-----
Long Blades    | 1 2 3 4 6 7 9 |  9.1
Ice Magic      | 5 6 7 8 9 10 | 10.3
Fighting       | 1 2 3 4 5 6 |  6.5
Dodging        | 2 3 4 5 |  5.5
Stealth        | 4 5 6 7 8 10 | 10.4
Spellcasting   | 3 4 5 6 7 8 |  8.6

Action                     |  1- 3 |  4- 6 |  7- 9 | 10-12 || total
---------------------------+-------+-------+-------+-------++-------
  Melee: Demon blade       |    12 |    56 |    67 |   114 ||   249
         Punch             |       |       |       |     2 ||     2
   Fire: Orcbow            |       |       |       |    57 ||    57
   Cast: Freeze            |    18 |     9 |    28 |    67 ||   122
         Frozen Ramparts   |       |     7 |    28 |    47 ||    82
         Ozocubu's Armour  |       |     2 |    17 |    23 ||    42
         Ensorcelled Hiber |       |       |     1 |     3 ||     4
         Summon Ice Beast  |       |       |       |     7 ||     7
Ability: Spit Poison       |     4 |     6 |    10 |    18 ||    38
    Use: Scroll            |     5 |       |    11 |    12 ||    28
         Potion            |     1 |       |     2 |     2 ||     5
   Stab: Sleeping          |       |     5 |       |     2 ||     7
 Armour: Robe              |     4 |    19 |    23 |    57 ||   103
  Dodge: Dodged            |    10 |    55 |   101 |   258 ||   424

Table legend: (Time is in decaauts)
 A = Elapsed time spent in this place.
 B = Non-inter-level travel time spent in this place.
 C = Inter-level travel time spent in this place.
 D = Time resting spent in this place.
 E = Time spent auto-exploring this place.
 F = Levels seen in this place.
 G = Mean time per level.
                   A        B        C        D        E       F      G
               +--------+--------+--------+--------+--------+-----+--------+
         Total |  15598 |  15028 |    570 |   5237 |   6399 |  12 | 1299.8 |
       Dungeon |  13300 |  12730 |    570 |   4244 |   5716 |   9 | 1477.8 |
        Temple |     48 |     48 |      0 |      0 |      0 |   1 |   48.0 |
  Orcish Mines |   2249 |   2249 |      0 |    992 |    683 |   2 | 1124.5 |
               +--------+--------+--------+--------+--------+-----+--------+

Top non-repeatable levels by time:
     D:7: 2280 daAuts
     D:8: 2247 daAuts
     D:6: 1790 daAuts
   Orc:2: 1724 daAuts
     D:9: 1644 daAuts
     D:4: 1430 daAuts
     D:5: 1171 daAuts
     D:1: 1121 daAuts
     D:2: 1072 daAuts
     D:3: 542 daAuts
   Orc:1: 525 daAuts
  Temple: 48 daAuts
